 Dungeon Crawl Stone Soup version 0.30.1-11-g7821555f0a (webtiles) character file.

Game seed: 11928285570688331519

510 monsoonserge the Magician (level 7, -1/46 HPs)
             Began as a Djinni Venom Mage on Nov 3, 2023.
             Was an Initiate of Ashenzari.
             Slain by an ice beast (9 damage)
             ... in the Ecumenical Temple.
             The game lasted 00:17:48 (3672 turns).

monsoonserge the Magician (Djinni Venom Mage)       Turns: 3672, Time: 00:17:49

Health: -1/46      AC:  5    Str:  7    XL:     7   Next: 42%
Gold:   200        EV: 12    Int: 18    God:    Ashenzari [......] SH:  0 Dex: 14

rFire   + + .        r - +2 quarterstaff (chaos)
rCold   x . .        (shield currently unavailable)
rNeg    . . .        g - +0 leather armour
rPois   ∞            (no helmet)
rElec   .            q - +0 cloak
rCorr   .            j - +0 pair of gloves
SInv    .            (boots unavailable)
Will    .....        (no amulet)
Stlth   ++           (no ring)
HPRegen 0.27/turn    (no ring)
MPRegen 0.00/turn

%: infuse magic (-2 HP)
@: flying
A: sickness immunity, fire resistance 2, cold vulnerability 1, float, innate
caster, HP casting, extra vitality 1
a: Renounce Religion


You were in the Ecumenical Temple.
You worshipped Ashenzari.
Ashenzari was noncommittal.
You visited 2 branches of the dungeon, and saw 6 of its levels.

You collected 239 gold pieces.
You spent 39 gold pieces at shops.

Inventory:

Hand Weapons
 b - a +0 dagger
 i - a +2 dagger of draining
 r - a +2 quarterstaff of chaos (weapon)
Missiles
 k - 3 boomerangs
Armour
 a - a +0 robe
 g - a +0 leather armour (worn)
 j - a +0 pair of gloves (worn)
 q - a +0 cloak (worn)
Scrolls
 d - 3 scrolls of fear
 e - a scroll of teleportation
 f - 2 scrolls of magic mapping {unknown}
 h - a scroll of vulnerability
 m - a scroll of immolation {unknown}
 o - a scroll of blinking {unknown}
 p - 2 scrolls of enchant weapon {unknown}
Potions
 c - 2 potions of heal wounds
 l - a potion of cancellation {unknown}
 n - 3 potions of curing
 s - a potion of degeneration {unknown}
 t - a potion of invisibility {unknown}
 u - a potion of mutation {unknown}


   Skills:
 + Level 0.4 Fighting
 + Level 0.5 Short Blades
 * Level 2.4 Armour
 + Level 2.6 Dodging
 - Level 2.0 Stealth
 * Level 5.4 Spellcasting


You knew the following spells:

 Your Spells              Type           Power      Damage    Failure   Level
a - Sting                 Tmut/Pois      96%        1d7       1%          1
b - Poisonous Vapours     Pois/Air       48%        N/A       3%          2
c - Mephitic Cloud        Conj/Pois/Air  24%        N/A       6%          3
d - Olgreb's Toxic Radia  Pois           24%        N/A       21%         4
e - Shock                 Conj/Air       96%        1d9       1%          1
f - Call Imp              Summ           48%        N/A       3%          2
g - Hailstorm             Conj/Ice       24%        3d7       6%          3
Your spell library was empty.

Dungeon Overview and Level Annotations

Branches:
Dungeon (5/15)             Temple (1/1) D:5

Altars:
Ashenzari
Hepliaklqana
Makhleb
Qazlal
Ru
Trog
Wu Jian
Xom
Zin

Shops:
D:2 !   D:3 [

Annotations:
D:5 Pikel


Innate Abilities, Weirdness & Mutations

You are immune to sickness and miasma.
You are immune to poison.
Your flesh is very heat resistant. (rF++)
You are vulnerable to cold. (rC-)
You float through the air rather than walking.
You learn spells naturally, not from books.
Your magical power is your life essence.
You have superior vitality. (+4 MHP)


Message History

The ice beast barely misses you.
The lemure is engulfed in noxious fumes.
The lemure barely misses you.
The lemure is engulfed in noxious fumes.
The lemure closely misses you.
Your cerulean imp closely misses the ice beast.
You reach down and open the door.
The ice beast hits you.
* * * LOW HITPOINT WARNING * * *
The ice beast freezes you!
You feel a terrible chill!
* * * LOW HITPOINT WARNING * * *
The lemure is engulfed in noxious fumes.
The lemure barely misses you.
The lemure is engulfed in noxious fumes.
The lemure appears confused.
The lemure hits you but does no damage.
Your cerulean imp hits the ice beast but does no damage.
Casting: Mephitic Cloud (dangerous; 6% risk of failure)
Confirm with . or Enter, or press ? or * to list all spells.
Okay, then.
You feel much better.
The ice beast hits you but does no damage.
The lemure is engulfed in noxious fumes.
The lemure appears confused.
The lemure barely misses itself.
The lemure is engulfed in noxious fumes.
The lemure appears confused.
Your cerulean imp hits the ice beast but does no damage.
You hit the ice beast.
The ice beast is lightly wounded.
The ice beast hits you. The ice beast freezes you!
You feel a terrible chill!
* * * LOW HITPOINT WARNING * * *
The lemure hits you but does no damage.
The lemure is engulfed in noxious fumes.
The lemure appears confused.
Your cerulean imp closely misses the ice beast.
You barely miss the ice beast.
The ice beast is lightly wounded.
The ice beast closely misses you. The lemure misses you.
The ice beast hits you.
* * * LOW HITPOINT WARNING * * *
The ice beast freezes you!
You feel a terrible chill!
You die...

#.....# ##...## #.....#
#.._..# ###'### #.._..#
#.....###.....###.....#
##...'#.........#'...##
#####...........#####
#.....###.....#
#######....#####....#######
##...##....#'.Y.'#....##...##
#.....#...##°@Y..##...#.....#
#.._..'...##.55..##...'.._..#
#.....#...##5....##...#.....#
##...##....#+...'#....##...##
#######....#####....#######
#.....###.....#
#####...........#####
##...'#.........#'...##
#.....###.....###.....#


You could see 2 ice beasts, 2 lemures and a friendly cerulean imp (summoned).

Vanquished Creatures
  A black bear (D:5)
  Crazy Yiuf (D:2)
  Terence (D:3)
  An iguana (D:5)
  4 river rats (D:3)
  4 adders
  6 worms
  A dart slug (D:3)
  An orc (D:3)
  4 endoplasms
  3 giant cockroaches
  7 goblins
  5 hobgoblins
  4 jackals (D:3)
  6 quokkas
  2 ball pythons
  6 bats
  2 frilled lizards (D:1)
  3 kobolds
  9 rats
71 creatures vanquished.

Vanquished Creatures (collateral kills)
  An ice beast (D:5)
  A black bear (D:3)
  An adder (D:3)
3 creatures vanquished.

Grand Total: 74 creatures vanquished

Notes
Turn   | Place    | Note
-------+----------+-------------------------------------------
     0 | D:1      | monsoonserge the Djinni Venom Mage began the quest for the
                  | Orb.
     0 | D:1      | monsoonserge set off with the following spells memorised:
                  | Sting, Poisonous Vapours, Mephitic Cloud, Olgreb's Toxic
                  | Radiance.
     0 | D:1      | Reached XP level 1. HP: 15/15 MP: 0/0
   154 | D:1      | Reached XP level 2. HP: 12/21 MP: 0/0
   411 | D:1      | Reached skill level 3 in Spellcasting
   506 | D:1      | Reached XP level 3. HP: 25/25 MP: 0/0
   506 | D:1      | Learned a level 1 spell: Shock
  1185 | D:2      | Found Kienn's Distillery.
  1191 | D:2      | Bought a potion of curing for 39 gold pieces
  1246 | D:2      | Reached XP level 4. HP: 24/31 MP: 0/0
  1455 | D:2      | Found a runed translucent door.
  1456 | D:2      | Noticed Crazy Yiuf
  1650 | D:2      | Killed Crazy Yiuf
  1655 | D:2      | Identified the +5 hammer of Yrosiups {venom, rElec Str-5
                  | Dex+4 SInv}
  1910 | D:3      | Reached XP level 5. HP: 33/35 MP: 0/0
  1910 | D:3      | Learned a level 2 spell: Call Imp
  1978 | D:3      | Reached skill level 4 in Spellcasting
  2092 | D:3      | Noticed Terence
  2108 | D:3      | Killed Terence
  2484 | D:3      | Reached skill level 1 in Armour
  2553 | D:3      | Reached XP level 6. HP: 10/40 MP: 0/0
  2780 | D:3      | Found Bomyt's Armour Shoppe.
  2884 | D:3      | Noticed a black bear
  2900 | D:3      | Killed a black bear
  3165 | D:4      | Found a sacrificial altar of Ru.
  3210 | D:4      | You are sucked into a shaft and drop 1 floor!
  3210 | D:5      | Entered Level 5 of the Dungeon
  3246 | D:5      | Noticed an ice beast
  3308 | D:5      | Killed an ice beast
  3309 | D:5      | Reached skill level 5 in Spellcasting
  3309 | D:5      | Reached XP level 7. HP: 38/46 MP: 0/0
  3309 | D:5      | Learned a level 3 spell: Hailstorm
  3409 | D:5      | Noticed an acid dragon
  3505 | D:5      | Found a staircase to the Ecumenical Temple.
  3515 | D:5      | Noticed Pikel
  3515 | Temple   | Entered the Ecumenical Temple
  3648 | Temple   | Became a worshipper of Ashenzari the Shackled
  3672 | Temple   | Slain by an ice beast

Illustrated notes

Levels and vault maps discovered:
D:1:      dpeg_arrival_erosion, layout_basic, serial_bayou_pond_d
D:2:      layout_loops_ring, serial_shops, nicolae_shop_peninsula,
          uniq_crazy_yiuf_cottage
D:3:      layout_loops_corners, lightli_sewer_entry_pipes, serial_shops, shop,
          minmay_misc_feat_ornament, uniq_terence
D:4:      layout_basic, fedhas_ov_isle_minmay, overflow_temple_1_default,
          st_stairs_13, minmay_misc_feat_roman, uniq_natasha
D:5:      layout_basic, mainiacjoe_overflow_catwalk,
          gammafunk_temple_overflow_elements, minmay_temple_entry_mini_moons,
          serial_shops, nicolae_shop_statue_plus, serial_bayou_lake_a,
          uniq_menkaure, uniq_eustachio, uniq_pikel
Temple:   nicolae_temple_figure_zero

Skill      XL: |  1  2  3  4  5  6 |
---------------+-------------------+-----
Spellcasting   | 3 4 5 |  5.4
Armour         | 1 2 |  2.4
Stealth        | 2 |  2.0
Fighting       | |  0.4
Short Blades   | |  0.5
Dodging        | |  2.6

Action                     |  1- 3 |  4- 6 |  7- 9 || total
---------------------------+-------+-------+-------++-------
  Melee: Dagger            |    24 |     3 |       ||    27
         Unarmed           |     1 |       |       ||     1
         Punch             |     1 |       |       ||     1
         Quarterstaff      |       |    11 |     2 ||    13
   Cast: Sting             |    42 |    30 |     1 ||    73
         Poisonous Vapours |     7 |    10 |     3 ||    20
         Shock             |     9 |    55 |     8 ||    72
         Mephitic Cloud    |       |     1 |     1 ||     2
         Call Imp          |       |     7 |     1 ||     8
         Hailstorm         |       |       |     1 ||     1
    Use: Potion            |       |     1 |     1 ||     2
         Scroll            |       |     4 |       ||     4
   Stab: Sleeping          |     1 |     1 |       ||     2
 Armour: Robe              |     2 |       |       ||     2
         Leather armour    |     1 |    11 |     4 ||    16
  Dodge: Dodged            |    15 |    21 |    12 ||    48
